 Dungeon Crawl Stone Soup version 0.24.0-1-gfbc8707122 (webtiles) character file.

Game seed: 3247971064016636611, levelgen mode: deterministic

417 ventricule the Cudgeler (level 7, 0/42 HPs)
             Began as a Kobold Berserker on Oct 27, 2019.
             Was a Priest of Trog.
             Slain by Duvessa
             ... wielding a +0 short sword
              (6 damage)
             ... on level 4 of the Dungeon.
             The game lasted 00:06:58 (4163 turns).

ventricule the Cudgeler (Kobold Berserker)          Turns: 4163, Time: 00:06:59

Health: 0/42       AC:  3    Str: 17    XL:     7   Next: 15%
Magic:  7/7        EV: 15    Int:  8    God:    Trog [***...]
Gold:   126        SH:  0    Dex: 14    Spells: 6/6 levels left

rFire    . . .     SeeInvis .   a - +0 mace
rCold    . . .     Gourm    .   (shield restricted)
rNeg     . . .     Faith    .   f - +0 leather armour
rPois    +         Spirit   .   (no helmet)
rElec    .         Reflect  .   (no cloak)
rCorr    .         Harm     .   (no gloves)
MR       .....                  (no boots)
Stlth    +.........             (no amulet)
HPRegen  0.14/turn              P - ring of poison resistance
MPRegen  0.10/turn              k - ring of flight

@: berserk cooldown, hasted and slowed
A: small, carnivore
a: Berserk, Trog's Hand, Renounce Religion, Evoke Flight


You were on level 4 of the Dungeon.
You worshipped Trog.
Trog was most pleased with you.
You were very full.

You visited 1 branch of the dungeon, and saw 4 of its levels.

You collected 126 gold pieces.

Inventory:

Hand Weapons
 a - a +0 mace (weapon)
 n - a +4 hunting sling
Missiles
 j - 3 throwing nets {=f}
 o - 17 poisoned darts
 v - 5 boomerangs
 Q - 106 stones (quivered)
Armour
 b - a +0 animal skin
 f - a +0 leather armour (worn)
 p - a +0 chain mail
 q - a +0 helmet of intelligence {Int+3}
Jewellery
 k - a ring of flight (right hand)
 P - a ring of poison resistance (left hand)
Scrolls
 c - 2 scrolls of teleportation {unknown}
 g - a scroll of amnesia
 i - 2 scrolls of identify
 l - a scroll of magic mapping {!r}
 t - a scroll of noise {unknown}
 u - a scroll of fear {unknown}
Potions
 d - 3 potions of degeneration {unknown}
 h - 2 potions of haste
 m - a potion of lignification {unknown}
 r - a potion of brilliance {unknown}
 s - a potion of curing {unknown}
Comestibles
 e - 6 rations


   Skills:
 + Level 3.9 Fighting
 + Level 6.6 Maces & Flails
 - Level 1.5 Armour
 - Level 2.4 Dodging


You had 6 spell levels left.
You didn't know any spells.
Your spell library was empty.

Dungeon Overview and Level Annotations

Branches:
Dungeon (4/15)             Temple (0/1) D:4

Altars:
Hepliaklqana
Okawaru
Xom
The Shining One

Shops:
D:4 (

Annotations:
D:4 Duvessa


Innate Abilities, Weirdness & Mutations

You are small and have problems with some larger weapons.
You are carnivorous and can eat meat at any time.


Message History

* * * LOW HITPOINT WARNING * * *
You take 4 damage, and have 26/63 hp.
You hit Duvessa. Duvessa hits you with a +0 short sword!
* * * LOW HITPOINT WARNING * * *
You take 6 damage, and have 20/63 hp.
You thump Duvessa! Duvessa hits you with a +0 short sword.
* * * LOW HITPOINT WARNING * * *
You take 5 damage, and have 15/63 hp.
You sock Duvessa! Duvessa hits you with a +0 short sword!
* * * LOW HITPOINT WARNING * * *
You take 7 damage, and have 8/63 hp.
You are too berserk!
You are no longer berserk.
You are exhausted.
You feel yourself slow down.
You now have 5/42 hp.
You feel yourself speed up. Duvessa completely misses you.
Duvessa barely misses you. Duvessa hits you with a +0 short sword.
You die...

.....#.#
#.........##.#
.....#.#
#.........##.#
.....#.#
#####.........##.#
.....#
#.............##.#
.....#
###+###.........##.#
.#...#
#.....#.#.##.......
. .#.#
#?###.#.#.##.......
+.+>#.'.#.#........#
#.###@###.#........#
#...e.# #.# .......
###'### #.# #+## #)#
#.# #.. ..# ##.. ...
.... .....


You could see Duvessa (berserk).

Levels and vault maps discovered:
D:1:      tarquinn_simple_flora_water_e, layout_rooms, serial_park_tiny_1
D:2:      layout_basic
D:3:      layout_loops_corners, lemuel_doored_altar, minmay_goblin_outpost,
          uniq_robin
D:4:      layout_basic, regret_index_temple_of_mockery, lemuel_crystal_altar,
          minmay_temple_entry_glassed_door, serial_shops,
          nicolae_shop_waterfront, okawaru_metal_pillars_1_2, uniq_duvessa

Notes
Turn   | Place    | Note
-------+----------+-------------------------------------------
     0 | D:1      | ventricule the Kobold Berserker began the quest for the
                  | Orb.
     0 | D:1      | Reached XP level 1. HP: 14/14 MP: 1/1
    47 | D:1      | Identified a +0 leather armour (You found it on level 1 of
                  | the Dungeon)
    82 | D:1      | Identified a +0 club
    96 | D:1      | Reached skill level 3 in Maces & Flails
   219 | D:1      | Identified a +0 club
   223 | D:1      | Reached XP level 2. HP: 17/19 MP: 2/2
   380 | D:1      | Identified a +1 dagger of speed
   651 | D:2      | Reached XP level 3. HP: 15/23 MP: 3/3
   795 | D:2      | Identified a +0 club
   802 | D:2      | Reached skill level 4 in Maces & Flails
  1063 | D:2      | Identified a +0 short sword
  1258 | D:2      | Identified a +0 club
  1299 | D:2      | Reached ** piety under Trog
  1299 | D:2      | Reached XP level 4. HP: 28/28 MP: 4/4
  1429 | D:2      | Identified a +0 whip
  1661 | D:3      | Identified a scroll of immolation
  1694 | D:3      | Found a glowing golden altar of the Shining One.
  1843 | D:3      | Identified a +0 club
  1843 | D:3      | Identified a cursed -1 dagger
  1843 | D:3      | Identified a +0 club
  1844 | D:3      | Identified a +0 hunting sling
  1895 | D:3      | Identified a +0 club
  1907 | D:3      | Identified a +0 short sword
  1907 | D:3      | Identified a +0 animal skin
  1907 | D:3      | Identified a +0 helmet of intelligence
  1907 | D:3      | Noticed Robin
  1909 | D:3      | Identified a +0 dagger
  1909 | D:3      | Identified a +0 dagger
  1909 | D:3      | Identified a +0 hunting sling
  1909 | D:3      | Identified a +0 dagger
  1911 | D:3      | Identified a +0 club
  1915 | D:3      | Identified a +0 club
  1917 | D:3      | Killed Robin
  1942 | D:3      | Identified 2 scrolls of identify
  1942 | D:3      | Identified 3 potions of haste
  1943 | D:3      | Identified 2 scrolls of amnesia
  1945 | D:3      | Reached XP level 5. HP: 29/32 MP: 5/5
  2100 | D:3      | Identified a ring of poison resistance (You found it on
                  | level 3 of the Dungeon)
  2114 | D:3      | Identified a +0 club
  2116 | D:3      | Identified a +3 hunting sling
  2368 | D:3      | Reached skill level 5 in Maces & Flails
  2469 | D:3      | Identified a +0 hand axe
  2470 | D:3      | Identified a +0 dagger
  2470 | D:3      | Identified a +0 leather armour
  2470 | D:3      | Identified a +0 club
  2479 | D:3      | Reached *** piety under Trog
  2684 | D:3      | Identified a +0 club
  2697 | D:3      | Identified a cursed +0 club
  2777 | D:3      | Identified a +0 club
  2783 | D:3      | Identified a +0 spear
  2789 | D:3      | Identified 2 scrolls of magic mapping
  2790 | D:3      | Identified a scroll of random uselessness
  2791 | D:3      | Identified a scroll of enchant weapon
  2792 | D:3      | Identified a scroll of remove curse
  2792 | D:3      | HP: 4/32 [gnoll/+0 spear (10)]
  2800 | D:3      | HP: 3/32 [gnoll/+0 spear (1)]
  3203 | D:3      | Identified a cursed -1 halberd
  3211 | D:3      | Identified a +0 dagger
  3300 | D:3      | Reached XP level 6. HP: 37/37 MP: 6/6
  3307 | D:3      | Identified a +0 club
  3476 | D:4      | Identified a +0 dagger
  3476 | D:4      | Identified a +0 whip
  3476 | D:4      | Identified a +0 leather armour
  3477 | D:4      | Identified a cursed -1 club
  3477 | D:4      | Identified a +0 ring mail
  3551 | D:4      | Identified a +0 leather armour
  3553 | D:4      | Identified a cursed -3 hand axe
  3553 | D:4      | Identified a +0 dagger
  3553 | D:4      | Identified a +0 robe
  3554 | D:4      | Identified a +0 leather armour
  3566 | D:4      | Reached skill level 6 in Maces & Flails
  3632 | D:4      | Found Tabuch's Weapon Shop.
  3828 | D:4      | Reached XP level 7. HP: 35/42 MP: 7/7
  3849 | D:4      | Found a hazy altar of Hepliaklqana.
  3926 | D:4      | Found a shimmering altar of Xom.
  3927 | D:4      | Noticed a spectral ugly thing
  3992 | D:4      | Found an iron altar of Okawaru.
  4000 | D:4      | Identified a ring of flight (You found it on level 4 of the
                  | Dungeon)
  4037 | D:4      | Found an iron altar of Okawaru.
  4135 | D:4      | Found a staircase to the Ecumenical Temple.
  4140 | D:4      | Identified a +0 short sword
  4140 | D:4      | Identified a +0 ring mail
  4140 | D:4      | Noticed Duvessa
  4140 | D:4      | Identified a +0 dagger
  4140 | D:4      | Identified a +0 robe
  4140 | D:4      | Noticed Dowan
  4154 | D:4      | Killed Dowan
  4159 | D:4      | HP: 15/63 [Duvessa/+0 short sword (5)]
  4163 | D:4      | Slain by Duvessa

Table legend:
 A = Turns spent in this place as a percentage of turns spent in the entire game.
 B = Non-inter-level travel turns spent in this place as a percentage of non-inter-level travel turns spent in the entire game.
 C = Inter-level travel turns spent in this place as a percentage of turns spent in this place.
 D = Turns resting spent in this place as a percentage of non-inter-level travel turns spent in this place.
 E = Turns spent auto-exploring this place as a percentage of non-inter-level travel turns spent in this place.
 F = Non-inter-level travel turns spent in this place divided by the number of levels of this place that you've seen.
                   A       B       C       D       E      F
               +-------+-------+-------+-------+-------+----------------------
         Total | 100.0 | 100.0 |   2.8 |  32.1 |  51.7 | 1011.8
       Dungeon | 100.0 | 100.0 |   2.8 |  32.1 |  51.7 | 1011.8
               +-------+-------+-------+-------+-------+----------------------

Table legend:
 A = Kills in this place as a percentage of kills in entire the game.
 B = Kills by you in this place as a percentage of kills by you in the entire game.
 C = Kills by friends in this place as a percentage of kills by friends in the entire game.
 D = Other kills in this place as a percentage of other kills in the entire game.
 E = Experience gained in this place as a percentage of experience gained in the entire game.
 F = Experience gained in this place divided by the number of levels of this place that you have seen.
                   A       B       C       D       E      F
               +-------+-------+-------+-------+-------+----------------------
         Total | 100.0 | 100.0 |   N/A |   N/A | 100.0 | 149.0
       Dungeon | 100.0 | 100.0 |   N/A |   N/A | 100.0 | 149.0
               +-------+-------+-------+-------+-------+----------------------

Skill      XL: |  1  2  3  4  5  6 |
---------------+-------------------+-----
Maces & Flails | 3 4 5 6 |  6.6
Fighting       | |  3.9
Armour         | |  1.5
Dodging        | |  2.4

Action                   |  1- 3 |  4- 6 |  7- 9 || total
-------------------------+-------+-------+-------++-------
Melee: Mace              |    81 |   159 |    15 ||   255
Invok: Berserk           |     7 |    11 |     1 ||    19
  Use: Scroll            |       |     7 |       ||     7
       Potion            |       |     1 |     1 ||     2
 Stab: Sleeping          |       |     1 |       ||     1
  Eat: Chunk             |    15 |    19 |       ||    34
Armor: Leather armour    |    21 |    38 |       ||    59
Dodge: Dodged            |    84 |   126 |     7 ||   217

Vanquished Creatures
  A scorpion (D:4)
  Dowan (D:4)
  An orc priest (D:4)
  A hound (D:4)
  An orc wizard (D:4)
  Robin (D:3)
  4 gnolls (D:3)
  8 adders
  A worm (D:2)
  A dart slug (D:3)
  3 leopard geckos
  9 orcs
  5 bats
  6 giant cockroaches
  13 goblins
  11 hobgoblins
  14 jackals
  8 kobolds
  2 quokkas
  A frilled lizard (D:2)
  A quokka skeleton (D:4)
  2 rats
95 creatures vanquished.
